 Dungeon Crawl Stone Soup version 0.19-a0-1856-g32653aa (webtiles) character file.

56 tyvek the Insei (level 3, -5/28 HPs)
             Began as a Draconian Transmuter on Oct 11, 2016.
             Was a Follower of Cheibriados.
             Slain by Natasha (6 damage)
             ... on level 2 of the Dungeon.
             The game lasted 00:05:19 (882 turns).

tyvek the Insei (Draconian Transmuter)               Turns: 882, Time: 00:05:20

Health: -5/28      AC:  5    Str: 14    XL:     3   Next: 69%
Magic:  5/6        EV: 12    Int: 15    God:    Cheibriados [*.....]
Gold:   86         SH:  0    Dex: 14    Spells: 2 memorised, 3 levels left

rFire  . . .     SeeInvis .       - Unarmed
rCold  . . .     Gourm    .     (armour unavailable)
rNeg   + . .     Faith    .     (no shield)
rPois  .         Spirit   .     (helmet restricted)
rElec  .         Dismiss  .     (no cloak)
rCorr  .         Reflect  .     (no gloves)
MR     .....     Harm     .     (no boots)
Stlth  +.........               (no amulet)
                                (no ring)
                                N - ring of positive energy

@: appendage, very slow
A: unfitting armour, horns 2, cold-blooded, AC +5
a: End Transformation, Bend Time, Renounce Religion


You were on level 2 of the Dungeon.
You worshipped Cheibriados.
Cheibriados was aware of your devotion.
You were not hungry.
You had grown temporary horns.
You visited 1 branch of the dungeon, and saw 2 of its levels.

You collected 86 gold pieces.


Innate Abilities, Weirdness & Mutations

Your plain brown scales are hard. (AC +5)
You cannot fit into any form of body armour.
You are cold-blooded and may be slowed by cold attacks.
You have a pair of horns on your head.


   Skills:
 - Level 1.1 Fighting
 - Level 1.7 Dodging
 * Level 4.3 Unarmed Combat
 - Level 2.0 Spellcasting
 + Level 2.6 Transmutations


You had 3 spell levels left.
You knew the following spells:

 Your Spells              Type           Power        Failure   Level  Hunger
t - Sticks to Snakes      Tmut           #.......     12%         2    ###....
z - Beastly Appendage     Tmut           #.....       10%         1    #......

Inventory:

Missiles
 a - 11 arrows
Armour
 g - a +0 buckler
Jewellery
 N - a ring of positive energy (left hand)
Scrolls
 e - a scroll of identify {@r1}
 j - a scroll of teleportation {@r4}
 k - a scroll of magic mapping
Books
 b - a book of Changes

   Spells                             Type                      Level
   a - Beastly Appendage              Transmutation                1
   b - Sticks to Snakes               Transmutation                2
   c - Spider Form                    Transmutation/Poison         3
   d - Ice Form                       Ice/Transmutation            4
   e - Blade Hands                    Transmutation                5
Comestibles
 c - a bread ration {@e1}
 f - a chunk of flesh
 i - a meat ration {@e1}

Dungeon Overview and Level Annotations

Branches:
Dungeon (2/15)

Altars:
Cheibriados

Annotations:
D:2 Natasha

.........# #......##.
.........###........
................).#####
......................#
...........#..........#
...........###........#
...%..†...# ##.#......#
b.?.....?.......# #..######.##
............b@b.# #.## #....
...)........h...###.######<...
.........%?.......)...........
>..........?###$......####....
.............##.......# #....
#..>...............# #....
#.<....###.......# #....
#......# #...[...# #####
#......# #........#


You could see Natasha and 2 bats.


Message History

Okay, then.
Unknown command.
Unknown command.
Unknown command.
Unknown command.
It was a potion of cancellation.
You feel magically purged. The bat barely misses you. The bat misses you.
Natasha completely misses you.
Okay, then.
You aren't carrying any items that you can evoke.
Unknown command.
Unknown command.
You hit Natasha.
Natasha is severely wounded.
The bat barely misses you. Natasha misses you.
Casting: Beastly Appendage
Confirm with . or Enter, or press ? or * to list all spells.
You grow a pair of large bovine horns.
The bat hits you.
* * * LOW HITPOINT WARNING * * *
The bat hits you but does no damage.
Natasha zaps a wand.
Natasha looks slightly unstable.
It is a wand of teleportation.
You hit Natasha.
Natasha is almost dead.
The bat hits you but does no damage. Natasha barely misses you.
The bat barely misses you.
You barely miss Natasha.
Natasha is almost dead.
The bat barely misses you. The bat hits you.
* * * LOW HITPOINT WARNING * * *
Natasha claws you.
You die...

Skill      XL: |  1  2 |
---------------+-------+-----
Unarmed Combat | 4 |  4.3
Fighting       | |  1.1
Dodging        | |  1.7
Spellcasting   | |  2.0
Transmutations | |  2.6

Action                   || total
-------------------------++-------
Melee: Unarmed           ||    95
       Kick              ||     9
       Tailslap          ||     9
       Headbutt          ||     4
 Cast: Beastly Appendage ||    15
       Sticks to Snakes  ||     1
 Abil: End Transformatio ||     1
  Use: Potion            ||     5
       Scroll            ||     4
  Eat: Chunk             ||     1
Armor: Skin              ||    47
Dodge: Dodged            ||    89

Vault maps used:
D:1:      evilmike_arrival_crescent, cheibriados_altar_1
D:2:      uniq_natasha

Notes
Turn   | Place    | Note
-------+----------+-------------------------------------------
     0 | D:1      | tyvek the Draconian Transmuter began the quest for the Orb.
     0 | D:1      | Reached XP level 1. HP: 16/16 MP: 3/3
    32 | D:1      | Found a snail-covered altar of Cheibriados.
    45 | D:1      | Became a worshipper of Cheibriados the Contemplative
   179 | D:1      | Reached XP level 2. HP: 23/23 MP: 3/5
   183 | D:1      | Learned a level 2 spell: Sticks to Snakes
   776 | D:2      | Noticed Natasha
   780 | D:2      | Noticed a crimson imp
   781 | D:2      | Noticed a crimson imp
   785 | D:2      | Identified a potion of resistance
   791 | D:2      | Noticed a crimson imp
   793 | D:2      | Killed Natasha
   793 | D:2      | Reached skill level 4 in Unarmed Combat
   793 | D:2      | Reached XP level 3. HP: 28/28 MP: 6/6
   851 | D:2      | Reached * piety under Cheibriados
   865 | D:2      | Noticed Natasha
   880 | D:2      | HP: 2/28 [bat (1)]
   882 | D:2      | Slain by Natasha

Vanquished Creatures
  Natasha (D:2)
  An ooze (D:1)
  2 dart slugs
  A leopard gecko (D:1)
  3 bats
  2 giant cockroaches (D:1)
  4 goblins
  3 hobgoblins
  2 kobolds (D:1)
  A ball python (D:1)
  4 rats
24 creatures vanquished.
